Map: Rorschach LE

Players

Arrogfire

  • Race: Protoss Protoss
  • League: Master
  • Spawn Location: 5:00

lorimbo - Winner!

  • Race: Zerg Zerg
  • League: Grandmaster
  • Spawn Location: 7:00

Event: HomeStory Cup XXIX

VOD

Have the link to the VOD?

Description

Time

  • Played on: July 3, 2026, 2:35 p.m.
  • Length: 5:54

All games in this series

Show
View Real Time Build Order
Export as new Build Order

Arrogfire Protoss 

Build Orders: Oracle Opening 

Get SALT Encoding   

  8  0:00  Probe (Chrono Boost)  
  9  0:12  Probe (Chrono Boost)  
  10  0:18  Probe (Chrono Boost)  
  11  0:26  Probe  
  12  0:35  Pylon  
  12  0:38  Probe  
  13  0:53  Probe (Chrono Boost)  
  13  0:55  Gateway  
  14  1:06  Probe (Chrono Boost), Assimilator  
  15  1:14  Probe (Chrono Boost)  
  16  1:20  Probe  
  17  1:32  Probe  
  18  1:42  Cybernetics Core  
  18  1:56  Nexus  
  18  2:00  Probe  
  19  2:10  Pylon  
  19  2:13  Probe  
  20  2:21  Assimilator  
  20  2:25  Probe, Adept (Chrono Boost)  
  23  2:37  Probe  
  23  2:49  Probe  
  23  2:51  Adept (Chrono Boost)  
  24  2:54  Stargate  
  26  3:01  Shield Battery  
  28  3:16  Pylon  
  25  3:20  Adept (Chrono Boost)  
  26  3:34  Shield Battery, Oracle (Chrono Boost)  
  26  3:39  Probe  
  26  3:41  Warp Gate  
  29  3:49  Pylon  
  29  3:54  Probe  
  30  4:02  Pylon  
  29  4:16  Probe  
  25  4:19  Adept (Chrono Boost)  
  27  4:25  Probe  
  27  4:26  Pylon  
  27  4:28  Probe  
  29  4:37  Probe  
  30  4:40  Probe  
  30  4:45  Pylon  
  30  4:58  Oracle  
  27  5:04  Probe  
Show
View Real Time Build Order
Export as new Build Order

lorimbo Zerg - Winner!

Build Orders: Pool First, Zergling Baneling 

Get SALT Encoding   

  8  0:00  Drone  
  9  0:10  Drone  
  10  0:16  Drone  
  11  0:22  Drone  
  12  0:31  Overlord  
  12  0:40  Extractor, Drone  
  13  0:50  Drone  
  13  0:51  Drone  
  15  1:00  Drone  
  15  1:01  Extractor  
  15  1:09  Spawning Pool  
  14  1:12  Drone  
  15  1:22  Drone  
  16  1:42  Hatchery  
  15  1:55  Zergling x6  
  18  2:02  Metabolic Boost  
  18  2:10  Zergling x2  
  19  2:24  Zergling x2  
  19  2:27  Baneling Nest  
  19  2:34  Overlord  
  19  2:47  Zergling x2  
  20  2:54  Zergling x4  
  22  3:02  Zergling x2  
  23  3:09  Zergling x4  
  25  3:18  Zergling x4  
  26  3:27  Baneling  
  26  3:28  Baneling x6  
  26  3:30  Zergling x2  
  26  3:31  Zergling x2  
  26  3:34  Zergling x2  
  29  3:38  Zergling x2  
  25  3:58  Zergling x8  
  28  4:05  Zergling x4  
  24  4:18  Zergling x4  
  24  4:26  Zergling x4  
  25  4:35  Zergling x4  
  27  4:45  Baneling x2  
  27  4:49  Zergling x4  
  28  4:55  Zergling x2  
  28  4:56  Zergling x2  
  27  5:10  Zergling x4  
  27  5:13  Baneling  
  26  5:21  Zergling x4  
Tags
 
Add a new tag
Caveats
  • Supply blocks, unpowered buildings, or Contaminate may cause inaccurate times.
  • Supply counts are checked every 10 seconds.